 Dungeon Crawl Stone Soup version 0.32-a0-290-g598725c5f2 (webtiles) character file.

Game seed: 5453964491794934377

12381 freelancePsychic the Mimic (level 11, -5/97 HPs)
             Began as a Green Draconian Shapeshifter on Feb 13, 2024.
             Was a Priest of Makhleb.
             Slain by a freezing wraith (17 damage)
             ... on level 11 of the Dungeon.
             The game lasted 00:16:37 (10524 turns).

freelancePsychic the Mimic (DrSh)                  Turns: 10524, Time: 00:16:37

Health: -5/97      AC:  7    Str: 17    XL:     11   Next: 61%
Magic:  15/15      EV: 18    Int: 11    God:    Makhleb [***...]
Gold:   511        SH:  0    Dex: 14    Spells: 10/10 levels left

rFire   . .          .
                       - Unarmed
rCold   . . .        (shield currently unavailable)
rNeg    . . .        (body armour unavailable)
rPois   +            (helmet restricted)
rElec   .            (no cloak)
rCorr   .            (no gloves)
SInv    .            (no boots)
Will    .....        (no amulet)
Stlth   +            (no ring)
HPRegen 0.36/turn    (no ring)
MPRegen 0.14/turn

%: no passive effects
@: flux-form, slowed, glowing, very slow
A: glow, contaminating, breathe noxious fumes, AC +7, unfitting armour, poison
resistance, cold-blooded
a: Breathe Noxious Fumes, Begin Untransformation, Renounce Religion, Minor
Destruction, Lesser Servant of Makhleb


You were on level 11 of the Dungeon.
You worshipped Makhleb.
Makhleb was most pleased with you.
You were something dangerously unstable.
You visited 1 branch of the dungeon, and saw 11 of its levels.

You collected 511 gold pieces.

Inventory:

Jewellery
 g - a ring of ice
 w - an amulet of magic regeneration
 x - a ring of resist corrosion
Talismans
 b - a beast talisman
 c - a flux talisman (active)
Wands
 d - a wand of light (19)
 r - a wand of roots (16)
 t - a wand of flame (38)
 y - a wand of charming (8)
Scrolls
 a - 2 scrolls of summoning
 e - 2 scrolls of brand weapon
 f - 2 scrolls of noise
 k - a scroll of torment
 m - 2 scrolls of revelation
 p - 2 scrolls of enchant weapon
 q - a scroll of enchant armour {unknown}
 s - 3 scrolls of poison
 u - 4 scrolls of teleportation {@r4}
 z - a scroll of identify {@r1}
 B - 2 scrolls of blinking {unknown}
 C - a scroll of fear
Potions
 h - 3 potions of brilliance
 i - 2 potions of berserk rage {unknown}
 j - 3 potions of enlightenment {unknown}
 l - 3 potions of mutation {unknown}
 n - 3 potions of curing {unknown}
 o - a potion of might
 v - a potion of magic {unknown}
 A - 3 potions of degeneration {unknown}
 D - 3 potions of lignification


   Skills:
 + Level 9.4 Fighting
 - Level 4.7 Dodging
 + Level 9.2 Unarmed Combat
 - Level 6.3 Invocations
 * Level 11.5 Shapeshifting


You had 10 spell levels left.
You didn't know any spells.
Your spell library contained the following spells:

 Spells                   Type           Power      Damage    Failure   Level
 Sandblast                Erth           0%         2d4       34%         1
 Sting                    Conj/Alch      0%         1d3       34%         1
 Mercury Vapours          Alch/Air       0%         N/A       47%         2
 Hailstorm                Conj/Ice       0%         3d5       71%         3
 Passwall                 Erth           0%         N/A       71%         3
 Stone Arrow              Conj/Erth      0%         3d7       71%         3
 Summon Ice Beast         Ice/Summ       0%         N/A       71%         3
 Brom's Barrelling Bould  Conj/Erth      0%         2d3       98%         4
 Olgreb's Toxic Radiance  Alch           0%         N/A       98%         4
 Conjure Ball Lightning   Conj/Air       0%         3x3d6     100%        6
 Sculpt Simulacrum        Ice/Alch       0%         N/A       100%        6
 Haunt                    Necr/Summ      0%         N/A       100%        7
 Borgnjor's Revivificati  Necr           0%         N/A       100%        8
 Discord                  Hex            0%         N/A       100%        8
 Disjunction              Tloc           0%         N/A       100%        8
 Lehudib's Crystal Spear  Conj/Erth      0%         10d2      100%        8
 Death's Door             Necr           0%         N/A       100%        9
 Animate Armour           Summ/Erth      Unusable   N/A       N/A         4

Dungeon Overview and Level Annotations

Branches:
Dungeon (11/15)            Temple (0/1) D:4            Lair (0/5) D:8
    Orc (0/2) D:10

Altars:
Cheibriados
Dithmenos
Elyvilon
Gozag
Makhleb
Okawaru
Qazlal
Ru
Trog
Uskayaw
Wu Jian
Xom
Yredelemnul
The Shining One

Shops:
D:6 =

Annotations:
D:4 exclusion: bombardier beetle
D:7 Dowan, Duvessa


Innate Abilities, Weirdness & Mutations

You are something dangerously unstable.
You glow with magical radiation, making you easy to see and hit.
Foes you strike become dangerously contaminated with magical radiation.
You are incapable of wielding weapons or throwing items.
You can breathe blasts of noxious fumes.
Your lurid green scales are hard. (AC +7)
You cannot fit into any form of body armour.
Your system is resistant to poisons. (rPois)
You are cold-blooded and may be slowed by cold attacks.


Message History

You tail-slap the freezing wraith, but do no damage.
The freezing wraith is heavily damaged.
The freezing wraith hits you but does no damage.
The freezing wraith hits you.
You hit the freezing wraith.
The freezing wraith begins to glow.
You tail-slap the freezing wraith, but do no damage.
The freezing wraith is heavily damaged.
The freezing wraith misses you. The freezing wraith hits you.
The freezing wraith drains your vigour!
You feel yourself slow down.
You barely miss the freezing wraith.
You tail-slap the freezing wraith, but do no damage.
The freezing wraith is heavily damaged.
The freezing wraith hits you but does no damage.
The freezing wraith misses you.
You hit the freezing wraith.
The freezing wraith glows dangerously bright.
The freezing wraith is heavily damaged.
The freezing wraith misses you. x2
You hit the freezing wraith.
The freezing wraith shudders as magic cascades through it!
The freezing wraith is severely damaged.
The freezing wraith hits you. The freezing wraith freezes you!
The freezing wraith barely misses you.
You hit the freezing wraith.
The freezing wraith begins to glow.
The freezing wraith is almost destroyed.
The freezing wraith hits you! The freezing wraith freezes you!
The freezing wraith closely misses you. The freezing wraith hits you!
The freezing wraith freezes you!
You feel as though you will be slow longer.
* * * LOW HITPOINT WARNING * * *
The freezing wraith barely misses you.
You are too injured to fight recklessly!
You hit the freezing wraith but do no damage.
The freezing wraith glows dangerously bright.
The freezing wraith is almost destroyed.
The freezing wraith hits you!
* * * LOW HITPOINT WARNING * * *
The freezing wraith freezes you!
You die...

########.###########...#
#>....... ..^.....
#.####### #######... #.#
.. #.## . #..#######
##.....:.# ###.....#
#p....# #W....# ##....#
....# ###.# .# #


You could see a freezing wraith (heavy contam).

Vanquished Creatures
  2 centaur warriors
  2 two-headed ogres
  2 orc knights (D:10)
  A cyclops (D:8)
  A gargoyle (D:11)
  2 trolls
  2 hornets
  Prince Ribbit (D:9)
  A shadow (D:9)
  12 yaks
  2 wyverns
  2 wraiths (D:10)
  3 steam dragons
  Menkaure (D:4)
  An acid dragon (D:10)
  5 water moccasins
  6 orc warriors
  2 black bears (D:8)
  A sky beast (D:7)
  A laughing skull (D:8)
  3 ogres
  8 centaurs
  3 kobold brigands
  3 bullfrogs
  A gnoll sergeant (D:6)
  3 scorpions
  7 killer bees (D:9)
  An electric eel (D:7)
  A howler monkey (D:7)
  A bombardier beetle (D:6)
  A jelly (D:7)
  A gnoll bouda (D:7)
  2 hounds (D:6)
  5 orc priests
  3 sleepcaps
  3 iguanas
  8 orc wizards
  3 gnolls (D:6)
  8 adders
  2 shadow imps (D:7)
  A white imp (D:6)
  2 ufetubi (D:5)
  3 ribbon worms
  45 orcs
  6 endoplasms
  4 giant cockroaches
  5 goblins
  8 hobgoblins
  7 kobolds
  3 quokkas
  8 ball pythons
  5 bats
  3 frilled lizards (D:1)
  A goblin skeleton (D:7)
  3 hobgoblin zombies (D:7)
  A kobold skeleton (D:7)
  3 kobold zombies (D:7)
  An orc skeleton (D:7)
  2 rats (D:1)
228 creatures vanquished.

Vanquished Creatures (collateral kills)
  A killer bee (D:9)
1 creature vanquished.

Vanquished Creatures (others)
  An electric eel (D:7)
1 creature vanquished.

Grand Total: 230 creatures vanquished

Notes
Turn   | Place    | Note
-------+----------+-------------------------------------------
     0 | D:1      | freelancePsychic the Draconian Shapeshifter began the quest
                  | for the Orb.
     0 | D:1      | Reached XP level 1. HP: 16/16 MP: 1/1
   187 | D:1      | Reached XP level 2. HP: 23/23 MP: 2/2
  1012 | D:1      | Reached XP level 3. HP: 18/29 MP: 3/3
  1421 | D:2      | Reached XP level 4. HP: 34/36 MP: 4/4
  1756 | D:3      | Reached skill level 4 in Shapeshifting
  2157 | D:3      | Reached XP level 5. HP: 42/42 MP: 5/5
  2182 | D:3      | Identified the +1 ring mail "Etonaeg" {rF- rN+ rCorr}
  2227 | D:3      | Found a burning altar of Makhleb.
  2460 | D:3      | Became a worshipper of Makhleb the Destroyer
  2657 | D:4      | Found a staircase to the Ecumenical Temple.
  2706 | D:4      | Noticed an ogre
  2717 | D:4      | Killed an ogre
  2718 | D:4      | Reached skill level 1 in Invocations
  2718 | D:4      | Reached XP level 6. HP: 44/51 MP: 5/7
  2719 | D:4      | Reached skill level 5 in Shapeshifting
  3841 | D:5      | Entered Level 5 of the Dungeon
  4231 | D:5      | Your scales start taking on a lurid green colour.
  4231 | D:5      | Reached XP level 7. HP: 39/58 MP: 8/8
  4231 | D:5      | Gained mutation: Your system is resistant to poisons.
                  | (rPois) [Green Draconian growth]
  4257 | D:5      | Noticed Menkaure
  4292 | D:4      | Killed Menkaure
  4438 | D:5      | Reached * piety under Makhleb
  4524 | D:5      | Found a basalt altar of Yredelemnul.
  4563 | D:5      | Found a snail-covered altar of Cheibriados.
  4627 | D:5      | Reached skill level 6 in Shapeshifting
  4907 | D:6      | Reached skill level 5 in Unarmed Combat
  4976 | D:6      | Found an iron altar of Okawaru.
  5050 | D:6      | Reached XP level 8. HP: 57/67 MP: 10/10
  5172 | D:6      | Found Sif Udd's Jewellery Emporium.
  5319 | D:6      | Found a bloodstained altar of Trog.
  5319 | D:6      | Found a sacrificial altar of Ru.
  5375 | D:6      | Found an opulent altar of Gozag.
  5415 | D:6      | Reached skill level 5 in Fighting
  5830 | D:6      | Reached skill level 7 in Shapeshifting
  6143 | D:6      | Found a shadowy altar of Dithmenos.
  6221 | D:7      | Found a shimmering altar of Xom.
  6501 | D:7      | Found a stormy altar of Qazlal.
  6507 | D:7      | Noticed an air elemental
  6520 | D:7      | Reached skill level 5 in Invocations
  6520 | D:7      | Reached XP level 9. HP: 75/75 MP: 12/12
  6567 | D:7      | Reached skill level 8 in Shapeshifting
  6678 | D:7      | Noticed Dowan
  6686 | D:7      | Reached ** piety under Makhleb
  6770 | D:7      | Found a glowing golden altar of the Shining One.
  6860 | D:7      | Noticed Duvessa
  7149 | D:8      | Noticed a cyclops
  7179 | D:8      | Killed a cyclops
  7180 | D:8      | Reached skill level 9 in Shapeshifting
  7327 | D:8      | Reached XP level 10. HP: 86/86 MP: 14/14
  7336 | D:8      | Found a staircase to the Lair.
  7573 | D:8      | Noticed a centaur warrior
  7574 | D:8      | Noticed a two-headed ogre
  7603 | D:8      | Killed a two-headed ogre
  7613 | D:8      | Killed a centaur warrior
  8204 | D:9      | Noticed a two-headed ogre
  8252 | D:9      | Reached skill level 10 in Shapeshifting
  8404 | D:9      | Killed a two-headed ogre
  8406 | D:9      | Noticed Prince Ribbit
  8414 | D:9      | Killed Prince Ribbit
  8452 | D:9      | Reached *** piety under Makhleb
  8563 | D:9      | Found a hide-covered altar of Uskayaw.
  8578 | D:9      | Reached XP level 11. HP: 93/95 MP: 15/15
  8993 | D:10     | Entered Level 10 of the Dungeon
  9065 | D:10     | Found a staircase to the Orcish Mines.
  9065 | D:10     | Noticed an orc knight
  9065 | D:10     | Noticed an orc knight
  9077 | D:10     | Killed an orc knight
  9110 | D:10     | Killed an orc knight
  9148 | D:10     | Reached skill level 11 in Shapeshifting
  9286 | D:10     | Noticed a centaur warrior
  9290 | D:10     | Found a white marble altar of Elyvilon.
  9369 | D:10     | Found an ornate altar of the Wu Jian Council.
  9413 | D:10     | Killed a centaur warrior
 10524 | D:11     | Slain by a freezing wraith

Illustrated notes

Levels and vault maps discovered:
D:1:      giann_forest_graveyard, layout_basic, interstate_on_off,
          roderic_lattice_a
D:2:      layout_basic
D:3:      layout_rooms, mainiacjoe_overflow_surrounded_room, serial_glass,
          glass_columns_a, glass_columns_a, glass_columns_a, glass_columns_b,
          glass_columns_b, glass_columns_b, glass_columns_b, glass_columns_a,
          item_on_display_a, due_unseen_surprise, feat_on_display
D:4:      layout_loops_ring, minmay_temple_entry_offerings, grunt_ministairs_8
D:5:      layout_basic, chei_slow_surprise, kennysheep_mini, nicolae_sextant,
          uniq_menkaure
D:6:      layout_loops_corners, mainiacjoe_overflow_catwalk,
          nicolae_overflow_hidden_temple, serial_shops, nicolae_stop_n_shop_1
D:7:      layout_loops_ring, nicolae_qazlal_style_of_elements,
          mainiacjoe_overflow_alcove_2, nicolae_tso_besieged_by_evil,
          grunt_decor_cap, st_stairs_10, serial_bayou_pond_b, item_on_display_a,
          uniq_duvessa, uniq_crazy_yiuf_cottage, uniq_pikel
D:8:      minmay_curly_fans, layout_loops_ring, due_lair_maze_entry_diamond,
          kennysheep_generic_room_3
D:9:      layout_irregular_city, mainiacjoe_overflow_tiny_flanked,
          kennysheep_generic_room_12, uniq_prince_ribbit1
D:10:     layout_loops_ring, mainiacjoe_overflow_six_doors_small,
          lemuel_tele_altar, orc_david_3
D:11:     layout_basic, serial_shops, nicolae_shop_window_shopping

Skill      XL: |  1  2  3  4  5  6  7  8  9 10 11 |
---------------+----------------------------------+-----
Fighting       | 2 3 4 5 7 8 9 |  9.4
Shapeshifting  | 4 5 6 7 9 10 11 | 11.5
Unarmed Combat | 4 5 6 7 8 9 |  9.2
Invocations    | 1 2 3 5 6 |  6.3
Dodging        | 4 |  4.7

Action                     |  1- 3 |  4- 6 |  7- 9 | 10-12 || total
---------------------------+-------+-------+-------+-------++-------
  Melee: Unarmed           |    79 |   147 |   268 |   298 ||   792
         Tailslap          |    10 |    25 |    52 |    73 ||   160
         Punch             |     3 |     4 |     4 |       ||    11
 Invoke: Minor Destruction |       |       |     7 |     4 ||    11
Ability: Breathe Noxious F |       |       |    27 |    18 ||    45
  Evoke: Wand              |       |       |     1 |       ||     1
    Use: Scroll            |     3 |     3 |     2 |     7 ||    15
         Potion            |       |     1 |     1 |       ||     2
   Stab: Sleeping          |       |     4 |       |       ||     4
         Confused          |       |       |    19 |    20 ||    39
 Armour: Skin              |    41 |    85 |   130 |   121 ||   377
  Dodge: Dodged            |    42 |    76 |   186 |   233 ||   537
   Form: Flux              |       |       |     1 |       ||     1

Table legend: (Time is in decaauts)
 A = Elapsed time spent in this place.
 B = Non-inter-level travel time spent in this place.
 C = Inter-level travel time spent in this place.
 D = Time resting spent in this place.
 E = Time spent auto-exploring this place.
 F = Levels seen in this place.
 G = Mean time per level.
                   A        B        C        D        E       F      G
               +--------+--------+--------+--------+--------+-----+--------+
         Total |  10454 |  10101 |    353 |    544 |   7719 |  11 |  950.4 |
       Dungeon |  10454 |  10101 |    353 |    544 |   7719 |  11 |  950.4 |
               +--------+--------+--------+--------+--------+-----+--------+

Top non-repeatable levels by time:
     D:4: 1517 daAuts
     D:6: 1248 daAuts
     D:5: 1097 daAuts
     D:1: 1085 daAuts
    D:10: 1050 daAuts
     D:8: 991 daAuts
     D:9: 939 daAuts
     D:3: 745 daAuts
     D:7: 667 daAuts
     D:2: 641 daAuts
    D:11: 469 daAuts
